 Dungeon Crawl Stone Soup version 0.15.2 (webtiles) character file.

127 HopeRidesAlone the Insei (level 4, 0/35 HPs)
             Began as a Mummy Monk on Oct 24, 2015.
             Slain by a worker ant (3 damage)
             ... on Level 4 of the Dungeon.
             The game lasted 00:06:24 (3224 turns).

HopeRidesAlone the Insei (Mummy Monk)               Turns: 3224, Time: 00:06:24

HP   0/35        AC  3     Str 14      XL: 4   Next: 85%
MP   4/4         EV 13     Int  9      God:
Gold 208         SH  0     Dex 15      Spells:  0 memorised,  3 levels left

rFire  x . .     SeeInvis .       - Unarmed
rCold  + . .     Clarity  .     (no armour)
rNeg   + + +     rCorr    .     (no shield)
rPois  +         rRot     +     d - +0 helmet
rElec  .         Spirit   .     g - +0 cloak
SustAb .         Warding  .     h - +0 pair of gloves
rMut   .         Stasis   .     (no boots)
Gourm  .                        (no amulet)
MR     .....                    (no ring)
                                l - ring of stealth

@: not resistant to hostile enchantments, fairly stealthy
A: no food or potions, fire vulnerability, restore body, cold resistance 1,
negative energy resistance 3, poison resistance, torment resistance, unbreathing
a: no special abilities


You were on level 4 of the Dungeon.
You were not hungry.

You visited 1 branch of the dungeon, and saw 5 of its levels.

You collected 208 gold pieces.


Innate Abilities, Weirdness & Mutations

You do not eat or drink.
Your flesh is vulnerable to fire.
Your flesh is cold resistant.
You are immune to negative energy.
Your system is resistant to poisons.
You are immune to unholy pain and torment.
You can survive without breathing.


   Skills:
 - Level 3.0 Fighting
 - Level 2.4 Dodging
 - Level 1.5 Stealth
 + Level 5.1 Unarmed Combat


You had 3 spell levels left.
You didn't know any spells.

Inventory:

Armour
 d - a +0 helmet (worn)
 g - a +0 cloak (worn)
 h - a +0 pair of gloves (worn)
Scrolls
 a - a scroll of enchant armour {unknown}
 b - 3 scrolls of remove curse {unknown}
 c - 2 scrolls of identify {@r1}
 e - 2 scrolls of enchant weapon {unknown}
 f - 3 scrolls of random uselessness {unknown}
 i - a scroll of magic mapping
 k - a scroll of teleportation {unknown}
Jewellery
 l - a ring of stealth (left hand)

Dungeon Overview and Level Annotations

Branches:
Dungeon (5/15)
 Temple: D:4-7

Altars:
Fedhas
Qazlal
Sif Muna
Zin

Shops:
D:3 *   D:5 (

Annotations:
D:2 Crazy Yiuf
D:3 Purgy

#.............. #.
#..............# #.
#..............# #.
#..............# #.
+..............# #.
#..............# #.
###+##%...?.........#
#.
#................B..#
#.
+.%.............M..)#
#.
#...............Z...#
#.
......#+####........#
#. ......+ #........#
#. ......# #........#
#. .#+#### #........#
#. .+ +.%./....# #.
.# #........# #. .#
..... #.


You could see a worker ant and an orc skeleton.


Message History

The worker ant barely misses you. The orc skeleton hits you.
* * * LOW HITPOINT WARNING * * *
You closely miss the worker ant.
The worker ant is heavily wounded.
The worker ant closely misses you.
You hit the worker ant but do no damage.
The worker ant is heavily wounded.
The worker ant bites you.
* * * LOW HITPOINT WARNING * * *
The orc skeleton hits you but does no damage.
You hit the worker ant but do no damage.
The worker ant is heavily wounded.
The worker ant bites you!
* * * LOW HITPOINT WARNING * * *
The orc skeleton hits you.
* * * LOW HITPOINT WARNING * * *
You are too injured to fight recklessly!
You are too injured to fight recklessly!
You barely miss the worker ant.
The worker ant is heavily wounded.
The worker ant bites you.
* * * LOW HITPOINT WARNING * * *
The orc skeleton closely misses you.
Read which item? (? for menu, Esc to quit)
As you read the scroll labeled OLYIRE LOADD, it crumbles to dust.
It is a scroll of identify.
Identify which item? (\ to view known items) (? for menu, Esc to quit)
i - a scroll of magic mapping The worker ant bites you.
You die...

Action                   |  1- 3 |  4- 6 || total
-------------------------+-------+-------++-------
Melee: Unarmed           |   129 |    77 ||   206
  Use: Scroll            |       |     1 ||     1
 Stab: Sleeping          |     1 |     1 ||     2

Vault maps used:
D:1:      lemuel_arrival_rhombus, minmay_stone_trees_small
D:2:      minmay_overflow_temple_star_quad, kennysheep_another_room,
          minmay_bad_closet, kennysheep_generic_room_10, uniq_crazy_yiuf_cottage
D:3:      wad_river_or_something, zin_purify, first_bread, uniq_purgy
D:4:      kiku_gazebo_pond_becter, kennysheep_diamond
D:5:      serial_shops, nicolae_shop_statue_plus, uniq_iyjb, uniq_natasha,
          uniq_blork_the_orc

Notes
Turn   | Place    | Note
--------------------------------------------------------------
     0 | D:1      | HopeRidesAlone, the Mummy Monk, began the quest for the Orb.
     0 | D:1      | Reached XP level 1. HP: 18/18 MP: 1/1
   574 | D:1      | Reached XP level 2. HP: 22/24 MP: 2/2
  1052 | D:2      | Found a deep blue altar of Sif Muna.
  1056 | D:2      | Found a stormy altar of Qazlal.
  1061 | D:2      | Found a blossoming altar of Fedhas.
  1323 | D:2      | Reached skill level 4 in Unarmed Combat
  1385 | D:2      | Noticed Crazy Yiuf
  1425 | D:3      | Found Zin's Purification Station.
  1425 | D:3      | Found a glowing silver altar of Zin.
  1642 | D:2      | Reached XP level 3. HP: 21/29 MP: 3/3
  2430 | D:3      | Reached XP level 4. HP: 22/35 MP: 4/4
  2531 | D:3      | Noticed Purgy
  2718 | D:3      | Reached skill level 5 in Unarmed Combat
  3151 | D:4      | Noticed an ogre
  3188 | D:5      | Entered Level 5 of the Dungeon
  3188 | D:5      | Found Schaow's Antique Weapon Shoppe.
  3223 | D:4      | HP: 3/35 [worker ant (1)]
  3224 | D:4      | Slain by a worker ant

Vanquished Creatures
  5 adders
  A giant mite (D:2)
  4 worms
  An adder skeleton (D:4)
  3 giant geckos
  8 hobgoblins
  5 bats
  2 giant cockroaches (D:3)
  A giant newt (D:2)
  6 goblins
  7 jackals
  7 kobolds
  2 rats
52 creatures vanquished.
